Cogmind - Beta 15 @@@ ROGUE MODE // 2025.10.01 @ 16:47:05 Player: Dadrick Result: Destroyed by S6-4R0(g) with Beamcaster Performance ------------- Evolutions (5) 2500 Regions Visited (25) 5000 Robots Destroyed (257) 1285 Value Destroyed (7236) 7236 Prototype IDs (38) 760 Alien Tech Used (0) 0 Bonus (1856) 1856 TOTAL SCORE: 18637 Bonus ------- High Alert Combat Kills 230 Follower Combat Kills 861 Network Hubs Disabled 200 Met Data Miner 300 Met Warlord at Base 500 MAIN.C Attacked Warlord 500 Friendly Fire -735 Cogmind --------- Core Integrity 0/1000 Matter 300/300 Energy 651/700 System Corruption 3% Temperature Cool (10) Movement Flying (35) Location -5/Warlord Parts ------- > --- POWER (1) -------- (None) > --- PROPULSION (5) --- Cooled Impulse Thruster > --- UTILITY (8) ------ Experimental Energy Well Spectral Analyzer Advanced Signal Interpreter Advanced Melee Analysis Suite Improved Hacking Suite System Mapper > --- WEAPON (3) ------- Plasma Sword > --- INVENTORY (5) ---- Improved Sensor Array Advanced Cloaking Device Authchip [Propulsion] Authchip [Armor] Authchip [Armor] Peak State ------------ > --- POWER ------------ Antimatter Reactor > --- PROPULSION ------- Enhanced Biometal Leg Enhanced Biometal Leg Backup Propulsion III Backup Propulsion III Cooled Impulse Thruster > --- UTILITY ---------- Experimental Energy Well Spectral Analyzer Advanced Signal Interpreter Advanced Melee Analysis Suite Improved Hacking Suite Advanced Hacking Suite System Mapper Improved System Shield > --- WEAPON ----------- RU-N14's Throwing Claymores v3 RU-N14's Throwing Claymores v3 Plasma Sword > --- INVENTORY -------- Improved Sensor Array Advanced Cloaking Device Authchip [Propulsion] Authchip [Armor] Authchip [Armor] [Rating: 120] Favorites ----------- Power Light Fission Core Engine Improved Ion Engine Power Core Light Fission Core Reactor Antimatter Reactor Propulsion Nuclear Pulse Thruster Treads Advanced Treads Leg Enhanced Biometal Leg Hover Unit Backup Propulsion III Flight Unit Nuclear Pulse Thruster Utility Hacking Suite Device Improved Sensor Array Storage Large Storage Unit Processor Improved Signal Interpreter Hackware Hacking Suite Protection Light Armor Plating Weapon Heavy Assault Rifle Energy Gun Small Laser Energy Cannon Advanced Beam Cannon Ballistic Gun Heavy Assault Rifle Ballistic Cannon Heavy Flak Cannon Launcher Mini Grenade Launcher Special Weapon RU-N14's Throwing Claymores v3 Impact Weapon Powered Hammer Slashing Weapon Katana Piercing Weapon Lance Special Melee Weapon Advanced Datajack Build | -11 -10 -9 -9 -8 -8 -7 -7 -7 -7 -7 -7 -6 -6 -6 -6 -6 -6 -6 -6 -5 -5 -5 -5 -5 -5 ------- Run | Yrd Mat Mat Min Mat Sto Fac Was Fac Low Low Dat Pro Fac Was Fac Ext Cet Arc Hub Fac Was Fac Upp Upp War Slots Evolved 10 | . . 2 . 2 . 2 . . . . . . 2 . . . . . . 2 . . . . . Power . | . . . . . . . . . . . . . . . . . . . . . . . . . . Propulsion 3 | . . 1 . . . 1 . . . . . . 1 . . . . . . . . . . . . Utility 6 | . . . . 2 . 1 . . . . . . 1 . . . . . . 2 . . . . . Weapon 1 | . . 1 . . . . . . . . . . . . . . . . . . . . . . . Parts Attached 201 | 7 10 20 . 10 23 14 2 11 1 3 . . 27 2 19 5 . . 2 17 2 14 1 . 11 Power 20 | 1 . 2 . 2 2 1 . 2 . . . . 3 . 2 . . . 1 2 1 . . . 1 Engine 12 | 1 . 2 . 2 2 . . . . . . . 3 . 1 . . . . 1 . . . . . Core 7 | . . . . . . 1 . 2 . . . . . . 1 . . . 1 1 1 . . . . Reactor 1 | . . . . . . . . . . . . . . . . . . . . . . . . . 1 Propulsion 52 | 2 2 6 . 4 8 1 . 1 . . . . 6 1 5 2 . . . 5 . 6 . . 3 Treads 17 | 2 2 5 . 4 4 . . . . . . . . . . . . . . . . . . . . Leg 2 | . . . . . . . . . . . . . . . . . . . . . . . . . 2 Wheel . | . . . . . . . . . . . . . . . . . . . . . . . . . . Hover . | . . . . . . . . . . . . . . . . . . . . . . . . . . Flight 33 | . . 1 . . 4 1 . 1 . . . . 6 1 5 2 . . . 5 . 6 . . 1 Utility 79 | 2 3 3 . 3 8 9 1 4 1 2 . . 13 1 10 1 . . . 7 1 4 1 . 5 Device 21 | 1 . . . . 2 3 1 1 1 1 . . 3 . 5 . . . . 1 . 1 1 . . Storage 5 | 1 2 . . . . . . . . . . . . . 1 . . . . . . . . . 1 Processor 11 | . . . . . . 2 . . . . . . 3 1 1 . . . . . 1 . . . 3 Hackware 23 | . . . . . 1 3 . 2 . 1 . . 6 . 2 . . . . 4 . 3 . . 1 Protection 19 | . 1 3 . 3 5 1 . 1 . . . . 1 . 1 1 . . . 2 . . . . . Artifact . | . . . . . . . . . . . . . . . . . . . . . . . . . . Weapon 50 | 2 5 9 . 1 5 3 1 4 . 1 . . 5 . 2 2 . . 1 3 . 4 . . 2 Energy Gun 4 | . 1 . . . . . . . . . . . 1 . . . . . . 1 . 1 . . . Energy Cannon 1 | . . 1 . . . . . . . . . . . . . . . . . . . . . . . Ballistic Gun 21 | 2 4 6 . . 5 1 . 2 . . . . . . . . . . . . . 1 . . . Ballistic Cannon 2 | . . . . . . . . . . . . . 1 . . . . . 1 . . . . . . Launcher 4 | . . . . 1 . . . . . . . . 1 . 2 . . . . . . . . . . Special Weapon 3 | . . 1 . . . . . . . . . . . . . . . . . . . . . . 2 Impact Weapon 1 | . . . . . . . . 1 . . . . . . . . . . . . . . . . . Slashing Weapon 7 | . . 1 . . . . . 1 . . . . 2 . . 1 . . . . . 2 . . . Piercing Weapon 2 | . . . . . . 1 . . . . . . . . . . . . . 1 . . . . . Special Melee Weapon 5 | . . . . . . 1 1 . . 1 . . . . . 1 . . . 1 . . . . . Unidentified Prototypes 15 | . . 2 . . 3 . . 1 . . . . 1 . 1 . . . . . 1 1 . . 5 Parts Lost 67 | . . . . 1 5 3 2 6 . . 4 . 9 . 4 2 2 1 1 12 1 5 3 1 5 Power 9 | . . . . . . . 1 1 . . 1 . 1 . . . . 1 . 3 . . . . 1 Propulsion 25 | . . . . . 1 . 1 2 . . 1 . 2 . 2 1 . . 1 5 1 2 3 1 2 Utility 19 | . . . . 1 4 2 . 1 . . . . 4 . 1 . . . . 1 . 3 . . 2 Weapon 14 | . . . . . . 1 . 2 . . 2 . 2 . 1 1 2 . . 3 . . . . . Highest Loss Streak 7 | . . . . 1 2 1 2 3 . . 4 . 4 . 2 2 2 3 1 7 1 4 3 1 5 To Critical Strikes 2 | . . . . . 2 . . . . . . . . . . . . . . . . . . . . Average Backups 8 | 1 11 14 15 14 14 4 5 4 4 4 5 5 4 4 7 8 10 10 9 9 4 4 4 5 5 Power . | . 1 1 1 1 1 1 1 . 1 1 1 1 . 1 1 1 1 1 . . . . . . . Propulsion 2 | . 3 4 6 6 5 . . . . . . . . 1 . . 1 1 . 1 . . . . . Utility 3 | . 1 4 4 3 4 1 2 1 2 2 3 3 2 1 4 5 7 7 7 5 4 4 4 4 5 Weapon 1 | 1 4 4 3 3 3 . 2 1 1 . 1 1 . . 1 1 1 1 1 1 . . . . . Tool/Special . | . . . . . . . . . . . . . . . . . . . . . . . . . . Unused Backups 34 | 1 5 7 . 4 1 2 . 1 . . . . 1 . 5 1 . . . 2 . . . . 4 Power 5 | . 1 1 . 1 1 . . . . . . . . . 1 . . . . . . . . . . Propulsion 12 | 1 2 3 . 3 . 1 . . . . . . . . 1 1 . . . . . . . . . Utility 12 | . 1 2 . . . . . 1 . . . . . . 3 . . . . 1 . . . . 4 Weapon 3 | . 1 1 . . . . . . . . . . 1 . . . . . . . . . . . . Tool/Special 2 | . . . . . . 1 . . . . . . . . . . . . . 1 . . . . . Average Slot Usage (%) 90 | . 100 99 100 97 98 95 100 90 84 90 85 61 81 93 87 96 87 80 83 87 57 73 64 48 70 Engine 4 | . 14 11 11 9 9 . . . . . . . 5 6 1 . . . . . . . . . 2 Core 2 | . . . . . . 6 7 7 7 7 5 . . . 4 6 6 6 6 4 1 5 2 . . Treads 10 | . 28 32 33 26 26 . . . . . . . . . . . . . . . . . . . . Flight 15 | . . . . . . 30 30 23 23 23 23 15 25 33 31 33 33 33 33 23 10 13 12 4 1 Device 6 | . 9 . . 9 9 13 7 6 7 7 6 7 5 . 4 4 . . 5 4 5 7 4 4 . Storage 5 | . 14 11 11 9 9 . . . . . . . . . 4 6 6 6 6 4 . . . . 1 Processor 6 | . . . . . . 7 7 7 7 7 7 7 8 16 13 13 13 13 13 11 15 12 11 11 22 Hackware 10 | . . . . . 2 8 23 23 23 23 23 23 19 20 15 13 13 13 13 16 17 21 17 17 18 Protection 5 | . 4 10 11 15 13 3 . . . . 1 . 2 3 1 1 6 6 . 5 5 1 5 4 . Energy Gun 1 | . 9 . . . . . . . . . . . 1 . . . . . . 3 . . . . . Ballistic Gun 11 | . 18 30 33 26 25 6 7 6 . . . . . . . . . . . . . 2 . . . Impact Weapon 1 | . . . . . . . . 1 7 7 7 7 5 6 6 6 4 . . . . . . . . Slashing Weapon 2 | . . 1 . . 1 5 7 6 7 7 5 . . 6 2 5 3 . . . . 5 7 5 5 Peak Build Rating 120 | 7 11 23 22 30 37 42 49 47 37 39 39 29 66 70 70 71 65 55 59 92 65 104 84 51 120 Average Rating 43 | 5 8 20 22 26 29 37 44 43 37 37 35 29 54 68 62 67 59 52 57 80 60 80 64 48 76 On Entrance 42 | . 7 11 22 22 27 37 41 43 38 37 39 30 29 66 70 61 65 55 50 59 53 61 81 51 39 Naked Turns . | . . . . . . . . . . . . . . . . . . . . . . . . . . Heaviest Build 52 | 14 32 43 43 45 52 19 15 14 11 13 13 4 27 23 26 29 26 19 25 30 9 21 15 6 41 Greatest Support 78 | 40 40 67 67 78 76 20 20 20 15 15 15 10 34 28 29 29 27 27 27 35 18 34 27 6 60 Greatest Overweight (x) 2 | . . . . 1 2 . . . 1 . . . . . 1 . . . . . 2 . . . 1 Average Overweight (x) . | . . . . . . . . . . . . . . . . . . . . . . . . . . Largest Inventory Capacity 15 | 8 15 15 15 15 15 15 5 5 5 5 5 5 5 5 10 10 10 10 10 10 5 5 5 5 5 Average Capacity 9 | 7 13 15 15 15 15 5 5 5 5 5 5 5 5 5 8 10 10 10 10 9 5 5 5 5 5 Most Carried 15 | 4 15 15 15 15 15 14 5 5 4 5 5 5 5 5 10 10 10 10 10 10 5 5 5 5 5 Average Carried 8 | 1 11 14 15 14 14 4 5 4 4 4 5 5 4 4 7 8 10 10 9 9 4 4 4 4 5 Final Capacity 15 | 8 15 15 15 15 15 5 5 5 5 5 5 5 5 5 10 10 10 10 10 5 5 5 5 5 5 Final Carried 15 | 3 15 15 15 15 15 5 5 4 4 5 5 5 4 5 8 10 10 10 10 5 5 5 5 5 5 Class Distribution -------------------- 26% | Hacker-Sprinter 22% | Hacker-Scout 22% | Tank 11% | Mutant 5% | Sprinter 5% | Hacker-Mutant 3% | Scavenger-Tank Dominant Class ---------------- Mutant | -10/Materials Tank | -9/Materials Tank | -9/Mines Tank | -8/Materials Tank | -8/Storage Sprinter | -7/Factory Hacker-Sprinter | -7/Waste Hacker-Sprinter | -7/Factory Hacker-Sprinter | -7/Lower Caves Hacker-Sprinter | -7/Lower Caves Hacker-Sprinter | -7/Data Miner Hacker-Mutant | -6/Proximity Caves Hacker-Sprinter | -6/Factory Hacker-Sprinter | -6/Waste Hacker-Scout | -6/Factory Hacker-Scout | -6/Extension Commander-Sprinter | -6/Cetus Commander-Sprinter | -6/Archives Hacker-Scout | -6/Hub_04(d) Hacker-Scout | -5/Factory Hacker-Scout | -5/Waste Hacker-Scout | -5/Factory Hacker-Scout | -5/Upper Caves Hacker-Scout | -5/Upper Caves Hacker-Mutant | -5/Warlord Resources | -11 -10 -9 -9 -8 -8 -7 -7 -7 -7 -7 -7 -6 -6 -6 -6 -6 -6 -6 -6 -5 -5 -5 -5 -5 -5 ----------- Run | Yrd Mat Mat Min Mat Sto Fac Was Fac Low Low Dat Pro Fac Was Fac Ext Cet Arc Hub Fac Was Fac Upp Upp War Matter Collected 7064 | 292 390 1427 . 1043 1238 341 . 347 22 66 . . 592 . 294 131 10 . . 385 . 259 65 38 124 Remotely . | . . . . . . . . . . . . . . . . . . . . . . . . . . Salvage Created 10085 | 173 568 1952 . 1531 1875 327 . 437 . 31 . . 1180 . 585 331 . . . 408 . 316 65 . 306 Parts 547 | 11 39 134 . 95 106 17 . 24 . 3 . . 40 . 26 15 . . . 12 . 11 4 . 10 Haulers Intercepted 29 | . 2 6 . 3 5 2 . 5 . . . . 3 . 2 . . . . 1 . . . . . Recyclers Shooed 5 | . 1 . . . 2 . . 1 . . . . 1 . . . . . . . . . . . . Parts Field Recycled . | . . . . . . . . . . . . . . . . . . . . . . . . . . Retrieved Matter . | . . . . . . . . . . . . . . . . . . . . . . . . . . Parts Self-Destructed 5 | . . . . . . . . . . 1 . . . . . . . . . . . . 4 . . Prevented . | . . . . . . . . . . . . . . . . . . . . . . . . . . Kills | -11 -10 -9 -9 -8 -8 -7 -7 -7 -7 -7 -7 -6 -6 -6 -6 -6 -6 -6 -6 -5 -5 -5 -5 -5 -5 ------- Run | Yrd Mat Mat Min Mat Sto Fac Was Fac Low Low Dat Pro Fac Was Fac Ext Cet Arc Hub Fac Was Fac Upp Upp War Combat Hostiles Destroyed 156 | . 14 33 . 31 34 5 . 1 . . . . 15 . . 8 . . . 4 . 2 1 . 8 Melee 14 | . . . . . . 2 . 1 . . . . 3 . . 5 . . . . . 2 1 . . Guns 99 | . 12 33 . 26 28 . . . . . . . . . . . . . . . . . . . . Cannons 1 | . . . . . . . . . . . . . . . . . . . . . . . . . 1 AOE 40 | . 2 . . 5 6 3 . . . . . . 12 . . 1 . . . 4 . . . . 7 Classes Destroyed 18 | 2 5 5 . . 2 1 . . . 1 . . . . . . . . . . . 1 . . 1 Worker 12 | . . 1 . 2 3 . . 2 . . . . 4 . . . . . . . . . . . . Builder 13 | . . 3 . 1 . . . 1 . . . . 4 . 4 . . . . . . . . . . Tunneler 3 | 3 . . . . . . . . . . . . . . . . . . . . . . . . . Hauler 29 | . 2 6 . 3 5 2 . 5 . . . . 3 . 2 . . . . 1 . . . . . Recycler 16 | 1 . 3 . . 3 1 . . . . . . 2 . 2 . . . . 2 . 2 . . . Minesweeper 2 | . . . . . . . . . . 1 . . . . . . . . . . . . 1 . . Operator 8 | . 1 2 . 1 . 2 . 1 . . . . . . 1 . . . . . . . . . . Watcher 18 | . 3 4 . 3 1 . . 2 . . . . 3 . 2 . . . . . . . . . . Swarmer 44 | . 6 9 . 7 5 3 . . . . . . 6 . . 4 . . . 4 . . . . . Cutter 2 | . . . . . . . . . . . . . . . . . . . . . . 2 . . . Grunt 50 | . 8 13 . 12 12 . . . . . . . 4 . . 1 . . . . . . . . . Brawler 6 | . . 1 . 3 1 . . . . . . . 1 . . . . . . . . . . . . Duelist 5 | . . 1 . 1 3 . . . . . . . . . . . . . . . . . . . . Protector 1 | . . . . . 1 . . . . . . . . . . . . . . . . . . . . Sentry 30 | . . 9 . 8 10 . . . . . . . . . . 3 . . . . . . . . . Hunter 4 | . . . . . 2 1 . . . . . . 1 . . . . . . . . . . . . Programmer 6 | . . . . . . 1 . 1 . . . . 3 . . . . . . . . . 1 . . Thug 2 | . . . . . . . . . . . . . . . . . . . . . . . . . 2 Savage 2 | . . . . . . . . . . . . . . . . . . . . . . . . . 2 Butcher 1 | . . . . . . . . . . . . . . . . . . . . . . . . . 1 Bouncer 1 | . . . . . . . . . . . . . . . . . . . . . . . . . 1 Wizard 1 | . . . . . . . . . . . . . . . . . . . . . . . . . 1 Mutant 1 | . . . . . . . . . . . . . . . . . . . . . . . . . 1 Best Kill Streak 9 | 2 4 6 . 7 7 3 . 2 . 1 . . 9 . 4 2 . . . 4 . 2 1 . 8 Combat Bots Only 8 | . 3 6 . 6 7 3 . 1 . . . . 4 . . 2 . . . 4 . 2 1 . 8 Max Kills in Single Turn 5 | 1 2 2 . 2 2 3 . 1 . 1 . . 5 . 1 1 . . . 3 . 1 1 . 2 Gunslinging 1 | . . 1 . . . . . . . . . . . . . . . . . . . . . . . Exploded 4 | . 2 . . 2 2 3 . . . . . . 4 . . 1 . . . 3 . . . . 2 Melee 1 | . . . . . . 1 . 1 . . . . 1 . . 1 . . . . . 1 1 . . Uniques/NPCs Destroyed . | . . . . . . . . . . . . . . . . . . . . . . . . . . Combat | -11 -10 -9 -9 -8 -8 -7 -7 -7 -7 -7 -7 -6 -6 -6 -6 -6 -6 -6 -6 -5 -5 -5 -5 -5 -5 -------- Run | Yrd Mat Mat Min Mat Sto Fac Was Fac Low Low Dat Pro Fac Was Fac Ext Cet Arc Hub Fac Was Fac Upp Upp War Hostile Shots Fired 1355 | . 53 121 . 107 165 97 1 133 . . 23 . 178 . 62 57 11 16 10 135 2 72 15 17 80 Missed 602 | . 11 31 . 34 49 46 . 74 . . 12 . 98 . 34 37 5 4 7 66 . 41 5 11 37 Hits 753 | . 42 90 . 73 116 51 1 59 . . 11 . 80 . 28 20 6 12 3 69 2 31 10 6 43 Melee 27 | . . 3 . 10 4 . 1 . . . . . . . . . . . . . 2 4 . . 3 Projectile 726 | . 42 87 . 63 112 51 . 59 . . 11 . 80 . 28 20 6 12 3 69 . 27 10 6 40 AOE 2 | . . . . . . . . . . . . . . . . . . . . 1 . 1 . . . Critical Strikes 30 | . 2 2 . 4 5 1 . . . . . . 5 . 1 . 1 1 . 2 . 3 . . 3 Actively Blocked 1 | . . . . . . . . . . . . . . . . . . 1 . . . . . . . Part Disruptions 4 | . . . . . . . . . 1 . . . . . 1 . . . . . . . 1 . 1 Damage Taken 12033 | . 623 1078 . 1183 1741 591 57 583 41 . 529 . 1245 . 398 167 247 286 47 1189 97 671 246 109 905 Core 2732 | . 111 123 . 185 111 131 27 158 27 . 253 . 318 . 45 35 85 117 . 189 91 108 118 95 405 Absorbed by Shields 57 | . . . . . . . . 22 . . . . . . . 35 . . . . . . . . . Redirected to Shielding 213 | . . 5 . . . . . . . . . . 26 . . . . 92 . 71 3 16 . . . Regen/Repaired (Parts) 671 | . . . . . 211 59 . . . . . . 216 . . . . . . . . 177 . . 8 Core Remaining (%) 52 | 100 55 . 69 . 46 . . . . . . 14 . . . . . . 29 . . . . . . Volleys Fired 392 | 10 54 94 . 94 108 1 . 3 . 1 . . 13 . 1 2 . . . 3 . . . . 8 Largest 3 | 2 2 3 . 3 3 1 . 1 . 1 . . 1 . 1 1 . . . 1 . . . . 1 Hottest 100 | 40 60 100 . 69 73 30 . 30 . 30 . . 44 . 36 36 . . . 36 . . . . . Shots Fired 992 | 20 108 276 . 267 287 1 . 4 . 1 . . 13 . 1 2 . . . 4 . . . . 8 Gun 942 | 20 108 273 . 259 279 . . 2 . . . . . . . . . . . 1 . . . . . Cannon 1 | . . . . . . . . . . . . . 1 . . . . . . . . . . . . Launcher 38 | . . . . 8 8 1 . 2 . 1 . . 12 . 1 2 . . . 3 . . . . . Special 11 | . . 3 . . . . . . . . . . . . . . . . . . . . . . 8 Kinetic 908 | 20 74 273 . 259 279 . . 2 . . . . 1 . . . . . . . . . . . . Thermal 38 | . 34 3 . . . . . . . . . . . . . . . . . 1 . . . . . Explosive 46 | . . . . 8 8 1 . 2 . 1 . . 12 . 1 2 . . . 3 . . . . 8 Electromagnetic . | . . . . . . . . . . . . . . . . . . . . . . . . . . Robot Hit Streak 17 | 6 12 17 . 9 10 2 . 3 . . . . 3 . . . . . . 2 . . . . 6 Robot Miss Streak 8 | 2 5 6 . 8 5 . . 2 . . . . 1 . . . . . . 1 . . . . . Penetration Max . | . . . . . . . . . . . . . . . . . . . . . . . . . . Secondary Targets 14 | . . 6 . 2 6 . . . . . . . . . . . . . . . . . . . . Max Gunslinging Chain 1 | . . 1 . 1 1 . . . . . . . . . . . . . . . . . . . . Shots Hit Robots 732 | 12 69 158 . 148 173 15 . 29 . 1 . . 34 . 14 36 2 . . 13 . 6 3 . 19 Core Hits 388 | 6 34 68 . 80 95 7 . 10 . . . . 37 . 6 8 2 . . 9 . 3 1 . 22 Critical Kills 3 | . 1 . . . 1 . . . . . . . . . . 1 . . . . . . . . . Critical Parts Destroyed 13 | . . . . 1 2 . . 1 . . . . 3 . 1 5 . . . . . . . . . Critical Strikes 27 | . 1 . . 1 5 1 . 4 . . . . 4 . 1 7 . . . . . . . . 3 Destroy 6 | . 1 . . 1 4 . . . . . . . . . . . . . . . . . . . . Smash 11 | . . . . . . . . 1 . . . . 3 . 1 6 . . . . . . . . . Sever 10 | . . . . . 1 1 . 3 . . . . 1 . . 1 . . . . . . . . 3 Melee Attacks 472 | . . 8 . 1 13 69 1 81 . 9 . 3 73 . 63 54 2 . . 40 . 7 27 7 14 Impact 152 | . . . . . . . . 18 . 7 . 3 60 . 41 21 2 . . . . . . . . Slashing 236 | . . 8 . 1 13 45 1 63 . 2 . . 13 . 22 13 . . . . . 7 27 7 14 Piercing 61 | . . . . . . 22 . . . . . . . . . . . . . 39 . . . . . Sneak Attacks 78 | . . 2 . . 2 9 . 14 . 1 . . 13 . 10 20 . . . 4 . 2 1 . . Combat Hostiles 3 | . . . . . . 2 . . . . . . 1 . . . . . . . . . . . . Follow-up Attacks 6 | . . . . . . . . 1 . . . . 1 . . 3 . . . . . . 1 . . Damage Inflicted 24927 | 154 952 2644 . 2974 3819 905 . 1560 . 72 . . 4400 . 1350 943 73 . . 800 . 396 201 . 3684 Guns 8399 | 154 725 2520 . 2322 2662 . . 16 . . . . . . . . . . . . . . . . . Cannons 29 | . . . . . . . . . . . . . 29 . . . . . . . . . . . . Explosions 6999 | . 227 . . 652 1007 169 . . . . . . 2244 . 77 154 . . . 254 . . . . 2215 Melee 9242 | . . 124 . . 150 736 . 1544 . 72 . . 2127 . 1273 789 73 . . 546 . 396 201 . 1211 Ramming . | . . . . . . . . . . . . . . . . . . . . . . . . . . Kinetic 8179 | 154 476 2520 . 2322 2662 . . 16 . . . . 29 . . . . . . . . . . . . Thermal 1022 | . 476 . . . . . . . . . . . 546 . . . . . . . . . . . . Explosive 6226 | . . . . 652 1007 169 . . . . . . 1698 . 77 154 . . . 254 . . . . 2215 Electromagnetic . | . . . . . . . . . . . . . . . . . . . . . . . . . . Impact 3149 | . . . . . . . . 332 . . . . 1641 . 461 642 73 . . . . . . . . Slashing 5725 | . . 124 . . 150 656 . 1212 . 72 . . 486 . 812 147 . . . . . 396 201 . 1469 Piercing 626 | . . . . . . 80 . . . . . . . . . . . . . 546 . . . . . Highest Corruption 12 | . . . . 1 1 4 6 7 7 7 7 7 3 5 5 1 1 1 1 2 11 12 12 12 12 Average Corruption 4 | . . . . 1 1 1 6 6 7 7 7 7 2 5 3 1 1 1 1 2 8 11 12 12 6 Corruption Purged 18 | . . . . . . 4 . . . . . . 6 . 8 . . . . . . . . . . Corruption Blocked . | . . . . . . . . . . . . . . . . . . . . . . . . . . Effects 189 | . . . . 2 9 6 2 42 6 3 1 6 15 1 20 6 . . . 5 3 37 13 9 3 Message Errors 54 | . . . . 1 2 1 . 20 . 1 . 2 3 . 6 2 . . . 2 . 6 5 1 2 Matter Fused 40 | . . . . . 1 . . 8 2 1 . 2 4 . 2 2 . . . 1 . 9 5 3 . Heat Flow Errors 17 | . . . . . 1 3 . 2 1 . . . 2 . . 1 . . . . 1 5 . . 1 Energy Discharges 23 | . . . . . 2 1 . 2 1 . 1 2 . . 4 1 . . . 1 . 5 . 3 . Parts Rejected 6 | . . . . . . . 1 . . . . . 1 1 . . . . . . 1 2 . . . Parts Fused 1 | . . . . . . . . 1 . . . . . . . . . . . . . . . . . Data Loss (minor) 20 | . . . . . 1 . 1 7 . . . . 3 . 2 . . . . . . 3 2 1 . Data Loss (major) 11 | . . . . . 2 . . . 1 1 . . 1 . 3 . . . . . . 1 1 1 . Misfires 3 | . . . . 1 . . . 1 . . . . . . . . . . . 1 . . . . . Alerts 8 | . . . . . . 1 . 1 1 . . . 1 . 3 . . . . . . 1 . . . Misdirections 6 | . . . . . . . . . . . . . . . . . . . . . 1 5 . . . Overload Shots . | . . . . . . . . . . . . . . . . . . . . . . . . . . Overflow Damage 2812 | . 93 44 . . 47 171 . 307 . 32 . . 964 . 549 267 . . . 14 . 143 111 . 70 Projectiles . | . . . . . . . . . . . . . . . . . . . . . . . . . . Explosions 335 | . 93 . . . 29 . . . . . . . 143 . . . . . . . . . . . 70 Melee 2477 | . . 44 . . 18 171 . 307 . 32 . . 821 . 549 267 . . . 14 . 143 111 . . Knockbacks 10 | . . . . . . . . 1 . . . . 6 . 1 2 . . . . . . . . . Impact 8 | . . . . . . . . 1 . . . . 4 . 1 2 . . . . . . . . . Kinetic 2 | . . . . . . . . . . . . . 2 . . . . . . . . . . . . Secondary . | . . . . . . . . . . . . . . . . . . . . . . . . . . Self-Inflicted Damage 134 | . 80 . . 14 40 . . . . . . . . . . . . . . . . . . . . Shots 5 | . 1 . . 1 3 . . . . . . . . . . . . . . . . . . . . Rammed . | . . . . . . . . . . . . . . . . . . . . . . . . . . Targets Rammed 1 | . . 1 . . . . . . . . . . . . . . . . . . . . . . . Kicked . | . . . . . . . . . . . . . . . . . . . . . . . . . . Crushed 1 | . . 1 . . . . . . . . . . . . . . . . . . . . . . . Highest Temperature 384 | . 41 167 . 54 384 223 . 115 250 . . . 130 . 35 276 10 20 11 59 114 264 . . 131 Average Temperature 48 | . 16 38 . 13 96 99 . 53 124 . . . 43 . 12 52 7 11 3 25 71 103 . . 85 Received Heat Transfer 2206 | . 258 297 . 297 594 78 . 42 . . . . 252 . 24 32 36 54 . 66 . 48 . 18 110 Effects 4 | . . . . . 4 . . . . . . . . . . . . . . . . . . . . Interference 2 | . . . . . 2 . . . . . . . . . . . . . . . . . . . . Damage (minor) 2 | . . . . . 2 . . . . . . . . . . . . . . . . . . . . Siege Activations . | . . . . . . . . . . . . . . . . . . . . . . . . . . Martial Activations . | . . . . . . . . . . . . . . . . . . . . . . . . . . Shielding Activations . | . . . . . . . . . . . . . . . . . . . . . . . . . . Robots Disrupted . | . . . . . . . . . . . . . . . . . . . . . . . . . . Combat Hostiles . | . . . . . . . . . . . . . . . . . . . . . . . . . . Robots Corrupted 12 | . . . . . . . . 1 . . . . 7 . 2 2 . . . . . . . . . Combat Hostiles 2 | . . . . . . . . . . . . . . . . 2 . . . . . . . . . Parts Fried 19 | . . . . . . . . 4 . . . . 10 . 2 3 . . . . . . . . . Impact Corruptions 45 | . . . . . . . . 6 . . . . 23 . 8 8 . . . . . . . . . Robots Melted . | . . . . . . . . . . . . . . . . . . . . . . . . . . Combat Hostiles . | . . . . . . . . . . . . . . . . . . . . . . . . . . Parts Melted . | . . . . . . . . . . . . . . . . . . . . . . . . . . Heat Transferred 1050 | . 650 . . . . . . . . . . . 400 . . . . . . . . . . . . Parts Sabotaged . | . . . . . . . . . . . . . . . . . . . . . . . . . . Parts Stolen . | . . . . . . . . . . . . . . . . . . . . . . . . . . Parts Stripped . | . . . . . . . . . . . . . . . . . . . . . . . . . . Power Chain Reactions . | . . . . . . . . . . . . . . . . . . . . . . . . . . Alert | -11 -10 -9 -9 -8 -8 -7 -7 -7 -7 -7 -7 -6 -6 -6 -6 -6 -6 -6 -6 -5 -5 -5 -5 -5 -5 ------- Run | Yrd Mat Mat Min Mat Sto Fac Was Fac Low Low Dat Pro Fac Was Fac Ext Cet Arc Hub Fac Was Fac Upp Upp War Maximum Alert Level 3 | . . 2 . 2 2 . . 1 . . . . 3 1 1 2 1 . . 1 . 1 . . . Low Security (%) 71 | 100 100 49 100 40 37 100 100 98 . . . . 53 . 81 56 60 100 100 94 100 96 . . . Level 1 19 | . . 43 . 56 47 . . 1 . . . . 4 100 18 14 39 . . 5 . 3 . . . Level 2 7 | . . 7 . 3 15 . . . . . . . 23 . . 29 . . . . . . . . . Level 3 1 | . . . . . . . . . . . . . 19 . . . . . . . . . . . . Level 4 . | . . . . . . . . . . . . . . . . . . . . . . . . . . Level 5 . | . . . . . . . . . . . . . . . . . . . . . . . . . . High Security . | . . . . . . . . . . . . . . . . . . . . . . . . . . Max Security . | . . . . . . . . . . . . . . . . . . . . . . . . . . Peak Influence 898 | 5 150 504 190 407 472 185 45 227 . . . . 898 312 231 587 315 . 60 319 111 212 . . . Initial 315 | . . 49 190 62 152 92 44 2 . . . . 9 312 211 75 315 . . 29 111 56 . . . Average 159 | 1 42 225 176 236 250 86 27 35 . . . . 317 307 136 219 163 . 21 67 100 26 . . . Influence Increases 9567 | 20 473 1075 . 978 1094 690 26 652 . 5 . 45 1437 . 586 989 . . 95 681 . 386 140 195 . Destroy 0b10 Robot/C 3600 | . 280 660 . 620 660 180 . 60 . . . . 300 . 20 680 . . . 80 . 40 20 . . Destroy 0b10 Robot/NC 520 | 20 30 95 . 50 65 20 . 60 . 5 . . 80 . 55 10 . . . 15 . 10 5 . . Destroy Leader 886 | . 70 180 . 172 172 54 . 44 . . . . 92 . 18 52 . . . 12 . 10 10 . . Allied During Kill 164 | . . . . . . . . 4 . . . . . . 7 153 . . . . . . . . . Successful Hack 626 | . 53 36 . 27 9 61 . 110 . . . . 110 . 20 18 . . . 86 . 96 . . . Select Force Hacks 160 | . . 30 . . . 30 . . . . . . . . . . . . 50 . . 50 . . . Disable Machine 570 | . 30 15 . 60 120 15 . 75 . . . . 210 . 30 . . . . . . 15 . . . Destroy Structure 476 | . 10 14 . 49 38 45 26 74 . . . . 75 . 46 31 . . . 68 . . . . . Partial Spotted 510 | . . . . . . 150 . 45 . . . . 105 . 120 . . . 30 45 . 15 . . . Lose Combat Pursuer 2055 | . . 45 . . 30 135 . 180 . . . 45 465 . 270 45 . . 15 375 . 150 105 195 . Influence Decreases 9567 | 20 355 703 330 776 1252 768 149 452 166 42 . 30 559 591 733 581 563 . 35 423 237 281 221 125 175 Entered New Map 2490 | . . 69 300 98 210 112 82 1 76 8 . . 6 581 91 80 248 . . 31 207 25 69 21 175 Time Decay 5136 | 20 355 634 30 518 542 563 22 236 90 34 . 30 420 10 522 341 20 . 25 282 20 196 122 104 . Lost Part 510 | . . . . 10 50 20 5 45 . . . . 90 . 40 20 20 . 10 110 10 50 30 . . Lost Ally 638 | . . . . . . 73 40 20 . . . . . . 80 140 275 . . . . 10 . . . Purge Threat 793 | . . . . 150 450 . . 150 . . . . 43 . . . . . . . . . . . . Squads Dispatched 76 | . 2 1 . 5 5 14 . 14 . . . . 11 . 8 . . . 2 6 . 7 . 1 . Investigation 34 | . 2 1 . . 1 9 . 5 . . . . 6 . 2 . . . 1 3 . 4 . . . Extermination 20 | . . . . . . 5 . 3 . . . . 4 . 4 . . . . 2 . 2 . . . Reinforcement 16 | . . . . 2 2 . . 6 . . . . 1 . 2 . . . 1 1 . 1 . . . Assault 2 | . . . . . 1 . . . . . . . . . . . . . . . . . . 1 . Garrison 4 | . . . . 3 1 . . . . . . . . . . . . . . . . . . . . Intercept . | . . . . . . . . . . . . . . . . . . . . . . . . . . Searches Triggered . | . . . . . . . . . . . . . . . . . . . . . . . . . . Construction Impeded 2 | . . . . 1 . . . 1 . . . . . . . . . . . . . . . . . Haulers Reinforced 2 | . . . . . . . . . . . . . 1 . 1 . . . . . . . . . . Active Scanning Responses . | . . . . . . . . . . . . . . . . . . . . . . . . . . Cargo Convoy Interrupts 1 | . . . . . . . . 1 . . . . . . . . . . . . . . . . . Stealth | -11 -10 -9 -9 -8 -8 -7 -7 -7 -7 -7 -7 -6 -6 -6 -6 -6 -6 -6 -6 -5 -5 -5 -5 -5 -5 --------- Run | Yrd Mat Mat Min Mat Sto Fac Was Fac Low Low Dat Pro Fac Was Fac Ext Cet Arc Hub Fac Was Fac Upp Upp War Distress Signals 24 | . . 2 . 4 2 . . 3 . . . . 4 . 1 4 . . 1 1 . 1 . . 1 Communications Jammed . | . . . . . . . . . . . . . . . . . . . . . . . . . . Distress Signals . | . . . . . . . . . . . . . . . . . . . . . . . . . . Times Spotted 523 | . 19 41 2 40 47 41 5 25 . . 5 1 57 6 27 33 5 4 8 48 6 34 15 14 40 Peak Tracking Total 29 | . 3 4 3 4 8 12 5 6 . . 4 3 11 6 6 5 5 4 6 17 6 13 9 14 29 Tactical Retreats 74 | . . 3 . . 1 14 . 10 . . . 2 19 . 8 2 . . 1 6 . 5 1 2 . Traps | -11 -10 -9 -9 -8 -8 -7 -7 -7 -7 -7 -7 -6 -6 -6 -6 -6 -6 -6 -6 -5 -5 -5 -5 -5 -5 ------- Run | Yrd Mat Mat Min Mat Sto Fac Was Fac Low Low Dat Pro Fac Was Fac Ext Cet Arc Hub Fac Was Fac Upp Upp War Traps Triggered 21 | . 1 . . 1 1 3 . 5 1 . . . 3 . 1 2 . . . 2 . . 1 . . Indirectly . | . . . . . . . . . . . . . . . . . . . . . . . . . . Trap Hack Attempts . | . . . . . . . . . . . . . . . . . . . . . . . . . . Triggered . | . . . . . . . . . . . . . . . . . . . . . . . . . . Disarmed 3 | . . . . . . . . . . . . . . . 3 . . . . . . . . . . Reprogrammed . | . . . . . . . . . . . . . . . . . . . . . . . . . . Reused 2 | . . . . . . . . . . . 2 . . . . . . . . . . . . . . Traps Extracted . | . . . . . . . . . . . . . . . . . . . . . . . . . . Installed 2 | . . . . . . . . . . . 2 . . . . . . . . . . . . . . Triggered . | . . . . . . . . . . . . . . . . . . . . . . . . . . Most Traps Carried 2 | . . . . . . . . . . 2 2 . . . . . . . . . . . . . . Machines | -11 -10 -9 -9 -8 -8 -7 -7 -7 -7 -7 -7 -6 -6 -6 -6 -6 -6 -6 -6 -5 -5 -5 -5 -5 -5 ---------- Run | Yrd Mat Mat Min Mat Sto Fac Was Fac Low Low Dat Pro Fac Was Fac Ext Cet Arc Hub Fac Was Fac Upp Upp War Machines Disabled 47 | . 2 1 . 4 8 1 . 5 . . . . 14 . 2 1 . . . . . 1 . . 8 Max in Single Turn 6 | . 2 1 . 1 1 1 . 2 . . . . 6 . 1 1 . . . . . 1 . . 5 Garrison Access 8 | . . . . 1 1 2 . 1 . . . . 1 . 1 . . . . 1 . . . . . Network Hub 1 | . . . . . . . . . . . . . . . . . . . 1 . . . . . . Energy Cycler 1 | . . . . . . . . . . . . . . . . 1 . . . . . . . . . Machines Repaired . | . . . . . . . . . . . . . . . . . . . . . . . . . . Machines Dismantled . | . . . . . . . . . . . . . . . . . . . . . . . . . . Machines Sabotaged 1 | . . . . . . . . . . . . . . . . . . . 1 . . . . . . Overloaded Fab Kills . | . . . . . . . . . . . . . . . . . . . . . . . . . . Hacking | -11 -10 -9 -9 -8 -8 -7 -7 -7 -7 -7 -7 -6 -6 -6 -6 -6 -6 -6 -6 -5 -5 -5 -5 -5 -5 --------- Run | Yrd Mat Mat Min Mat Sto Fac Was Fac Low Low Dat Pro Fac Was Fac Ext Cet Arc Hub Fac Was Fac Upp Upp War Machines Accessed 173 | . 9 12 . 10 9 28 . 21 1 1 4 . 24 . 19 6 . . 1 14 . 13 . . 1 Terminals 110 | . 8 11 . 9 7 16 . 10 . . . . 16 . 13 6 . . 1 10 . 3 . . . Fabricators 27 | . . . . . . 6 . 6 . . . . 5 . 3 . . . . 2 . 5 . . . Repair Stations 8 | . 1 . . . 1 2 . . . . . . 2 . . . . . . . . 2 . . . Recycling Units 9 | . . 1 . . . 1 . 3 . . . . . . 1 . . . . 1 . 2 . . . Scanalyzers 4 | . . . . . . 1 . 1 . . . . . . 1 . . . . . . 1 . . . Garrison Access 8 | . . . . 1 1 2 . 1 . . . . 1 . 1 . . . . 1 . . . . . Total Hacks 546 | . 31 35 . 37 22 72 . 61 1 1 28 . 66 . 61 16 . . 1 66 . 47 . . 1 Successful 335 | . 15 20 . 23 14 37 . 43 1 1 28 . 41 . 26 5 . . 1 41 . 38 . . 1 Failed 210 | . 16 15 . 14 8 35 . 18 . . . . 25 . 35 11 . . . 24 . 9 . . . Catastrophic 26 | . 2 1 . . 1 8 . 4 . . . . 4 . 2 . . . . 4 . . . . . Database Lockouts 1 | . . . . . . . . . . . . . . . . . . . . 1 . . . . . Manual 282 | . 19 27 . 26 10 41 . 22 . . . . 23 . 36 11 . . 1 50 . 15 . . 1 Terminals 356 | . 28 33 . 36 17 41 . 35 . . . . 40 . 40 16 . . 1 55 . 14 . . . Fabricators 89 | . . . . . . 18 . 17 . . . . 18 . 15 . . . . 7 . 14 . . . Repair Stations 30 | . 3 . . . 4 5 . . . . . . 7 . . . . . . . . 11 . . . Recycling Units 15 | . . 2 . . . 1 . 4 . . . . . . 1 . . . . 3 . 4 . . . Scanalyzers 15 | . . . . . . 3 . 4 . . . . . . 4 . . . . . . 4 . . . Garrison Access 10 | . . . . 1 1 4 . 1 . . . . 1 . 1 . . . . 1 . . . . . Terminal Hacks 127 | . 5 8 . 7 6 11 . 14 1 1 28 . 14 . 7 3 . . . 16 . 5 . . 1 Record 12 | . 1 . . . . . . . . . 11 . . . . . . . . . . . . . . Part Schematic 21 | . . . . 1 . 2 . 3 . . 11 . 1 . . . . . . 3 . . . . . Robot Schematic 4 | . . . . . . . . 1 . . 3 . . . . . . . . . . . . . . Robot Analysis 2 | . 1 1 . . . . . . . . . . . . . . . . . . . . . . . Prototype ID Bank 10 | . . 2 . 1 . 1 . 1 . . 3 . . . . . . . . 2 . . . . . Open Door 8 | . . . . . 2 . . . 1 1 . . . . 1 2 . . . . . . . . 1 Branch Access Points 3 | . . . . . . . . 1 . . . . 1 . . . . . . . . 1 . . . Terminal Index 6 | . . 1 . 1 . 1 . 1 . . . . . . 1 . . . . 1 . . . . . Fabricator Index 1 | . . . . . . . . . . . . . . . . . . . . 1 . . . . . Alert Level 3 | . . . . . . . . . . . . . . . . . . . . 2 . 1 . . . Unreport Threat 6 | . . . . 1 3 . . 1 . . . . 1 . . . . . . . . . . . . Locate Traps 20 | . 1 . . 1 1 1 . 3 . . . . 7 . 4 1 . . . 1 . . . . . Disarm Traps 1 | . . . . . . . . . . . . . . . 1 . . . . . . . . . . Dispatch Records 1 | . . . . . . 1 . . . . . . . . . . . . . . . . . . . Recall Extermination 1 | . . . . . . 1 . . . . . . . . . . . . . . . . . . . Recall Reinforcements 1 | . . . . . . . . . . . . . . . . . . . . . . 1 . . . Hauler Manifests 4 | . 1 1 . . . . . . . . . . 1 . . . . . . 1 . . . . . Registered Components 5 | . . 1 . . . 1 . 1 . . . . . . . . . . . 1 . 1 . . . Registered Prototypes 1 | . . . . . . . . 1 . . . . . . . . . . . . . . . . . Zone Layout 17 | . 1 2 . 2 . 3 . 1 . . . . 3 . . . . . . 4 . 1 . . . Fabricator Hacks 43 | . . . . . . 6 . 9 . . . . 10 . 6 . . . . 4 . 8 . . . Network Status 6 | . . . . . . 1 . 2 . . . . 1 . 1 . . . . . . 1 . . . Load Schematic 26 | . . . . . . 4 . 5 . . . . 6 . 3 . . . . 3 . 5 . . . Build 11 | . . . . . . 1 . 2 . . . . 3 . 2 . . . . 1 . 2 . . . Repair Station Hacks 25 | . 1 . . . 4 4 . . . . . . 6 . . . . . . . . 10 . . . Scan Component 13 | . 1 . . . 2 2 . . . . . . 3 . . . . . . . . 5 . . . Repair 12 | . . . . . 2 2 . . . . . . 3 . . . . . . . . 5 . . . Recycling Unit Hacks 10 | . . . . . . . . 4 . . . . . . 1 . . . . 2 . 3 . . . Report Inventory 7 | . . . . . . . . 3 . . . . . . 1 . . . . 1 . 2 . . . Retrieve Components 3 | . . . . . . . . 1 . . . . . . . . . . . 1 . 1 . . . Scanalyzer 9 | . . . . . . 2 . 4 . . . . . . 1 . . . . . . 2 . . . Insert Component 5 | . . . . . . 1 . 2 . . . . . . 1 . . . . . . 1 . . . Analyze 4 | . . . . . . 1 . 2 . . . . . . . . . . . . . 1 . . . Garrison Access Hacks 8 | . . . . 1 1 2 . 1 . . . . 1 . 1 . . . . 1 . . . . . Seal Access 8 | . . . . 1 1 2 . 1 . . . . 1 . 1 . . . . 1 . . . . . Unauthorized Hacks 113 | . 9 12 . 15 3 12 . 11 . . . . 10 . 10 2 . . 1 18 . 10 . . . Terminals 84 | . 9 11 . 15 3 7 . 5 . . . . 5 . 7 2 . . 1 15 . 4 . . . Track 3 | . . . . 1 . . . . . . . . . . . 1 . . . 1 . . . . . Assimilate 6 | . . . . . . 1 . . . . . . . . 2 . . . . 2 . 1 . . . Botnet 49 | . 3 5 . 6 3 6 . 5 . . . . 5 . 5 1 . . . 8 . 2 . . . Operators 1 | . . . . 1 . . . . . . . . . . . . . . . . . . . . . Skim 24 | . 6 6 . 7 . . . . . . . . . . . . . . . 4 . 1 . . . Sabotage 1 | . . . . . . . . . . . . . . . . . . . 1 . . . . . . Fabricators 27 | . . . . . . 4 . 6 . . . . 5 . 3 . . . . 3 . 6 . . . Prioritize 9 | . . . . . . 1 . 2 . . . . 2 . 1 . . . . 1 . 2 . . . Liberate 5 | . . . . . . 2 . 2 . . . . . . 1 . . . . . . . . . . Overload 1 | . . . . . . . . . . . . . . . . . . . . . . 1 . . . Recompile 12 | . . . . . . 1 . 2 . . . . 3 . 1 . . . . 2 . 3 . . . Repair Stations . | . . . . . . . . . . . . . . . . . . . . . . . . . . Recycling Units 2 | . . 1 . . . 1 . . . . . . . . . . . . . . . . . . . Tunnel 2 | . . 1 . . . 1 . . . . . . . . . . . . . . . . . . . Scanalyzers . | . . . . . . . . . . . . . . . . . . . . . . . . . . Garrison Access . | . . . . . . . . . . . . . . . . . . . . . . . . . . Data Cores Recovered 5 | . 1 1 . 1 . 1 . . . . . . . . 1 . . . . . . . . . . Used 3 | . 1 . . . . 1 . . . . . . . . 1 . . . . . . . . . . Hacking Detections 127 | . 9 11 . 7 8 23 . 13 . . . . 18 . 16 4 . . . 9 . 9 . . . Full Trace Events 20 | . 3 1 . 1 1 7 . 3 . . . . 3 . 1 . . . . . . . . . . Feedback Events 4 | . . . . . . 2 . . . . . . 2 . . . . . . . . . . . . Corruption 2 | . . . . . . 1 . . . . . . 1 . . . . . . . . . . . . Hackware Fried 2 | . . . . . . 1 . . . . . . 1 . . . . . . . . . . . . Feedback Blocked . | . . . . . . . . . . . . . . . . . . . . . . . . . . Robot Schematics Acquired 4 | . . . . . . . . 1 . . 3 . . . . . . . . . . . . . . Robots Built 3 | . . . . . . . . . . . . . . . 3 . . . . . . . . . . Authchips . | . . . . . . . . . . . . . . . . . . . . . . . . . . Time 33 | . . . . . . . . . . . . . . . 33 . . . . . . . . . . Total Robot Build Rating 12 | . . . . . . . . . . . . . . . 12 . . . . . . . . . . Part Schematics Acquired 25 | . . . . 1 . 3 . 5 . . 11 . 1 . . . . . . 3 . 1 . . . Parts Built 11 | . . . . . . 2 . 2 . . . . 3 . 1 . . . . 1 . 2 . . . Authchips 9 | . . . . . . . . 2 . . . . 3 . 1 . . . . 1 . 2 . . . Time 567 | . . . . . . 42 . 116 . . . . 134 . 76 . . . . 47 . 152 . . . Total Part Build Rating 50 | . . . . . . 8 . 6 . . . . 16 . 5 . . . . 5 . 10 . . . Parts Repaired 12 | . . . . . 2 2 . . . . . . 3 . . . . . . . . 5 . . . Time 438 | . . . . . 64 29 . . . . . . 139 . . . . . . . . 206 . . . Parts Recycled . | . . . . . . . . . . . . . . . . . . . . . . . . . . Recycled Matter . | . . . . . . . . . . . . . . . . . . . . . . . . . . Retrieved Matter . | . . . . . . . . . . . . . . . . . . . . . . . . . . Retrieved Components 5 | . . . . . . . . 2 . . . . . . . . . . . 2 . 1 . . . Parts Scanalyzed 5 | . . . . . . 1 . 2 . . . . . . 1 . . . . . . 1 . . . Part Schematics Acquired 4 | . . . . . . 1 . 2 . . . . . . . . . . . . . 1 . . . Parts Damaged 1 | . . . . . . . . 1 . . . . . . . . . . . . . . . . . Bothacking | -11 -10 -9 -9 -8 -8 -7 -7 -7 -7 -7 -7 -6 -6 -6 -6 -6 -6 -6 -6 -5 -5 -5 -5 -5 -5 ------------ Run | Yrd Mat Mat Min Mat Sto Fac Was Fac Low Low Dat Pro Fac Was Fac Ext Cet Arc Hub Fac Was Fac Upp Upp War Used RIF Installer . | . . . . . . . . . . . . . . . . . . . . . . . . . . Robots Hacked 2 | . . . . . . 1 . . . . . . . . . . . . . 1 . . . . . Non-combat 2 | . . . . . . 1 . . . . . . . . . . . . . 1 . . . . . Combat . | . . . . . . . . . . . . . . . . . . . . . . . . . . Robot Hacks Applied 3 | . . . . . . 2 . . . . . . . . . . . . . 1 . . . . . find_chute 3 | . . . . . . 2 . . . . . . . . . . . . . 1 . . . . . Relay Couplers Released . | . . . . . . . . . . . . . . . . . . . . . . . . . . Fabnet Peak Effective % . | . . . . . . . . . . . . . . . . . . . . . . . . . . Robots Rewired 18 | . . . . . . . . . . . . . . . . 18 . . . . . . . . . Allies Hacked 3 | . . . . . . . . 2 . . . . . . 1 . . . . . . . . . . Hacks Repelled . | . . . . . . . . . . . . . . . . . . . . . . . . . . Allies | -11 -10 -9 -9 -8 -8 -7 -7 -7 -7 -7 -7 -6 -6 -6 -6 -6 -6 -6 -6 -5 -5 -5 -5 -5 -5 -------- Run | Yrd Mat Mat Min Mat Sto Fac Was Fac Low Low Dat Pro Fac Was Fac Ext Cet Arc Hub Fac Was Fac Upp Upp War Total Allies 59 | . . . . . . 7 19 2 . . . . . . 5 24 . . . 1 . 1 . . . Largest Group 19 | . . . . . . 3 19 2 . . . . . . 3 15 14 . . 1 . 1 . . . Highest-Rated Group 536 | . . . . . . 90 475 64 . . . . . . 60 536 384 . . 26 . 26 . . . Highest-Rated Ally 159 | . . . . . . 30 35 32 . . . . . . 26 159 39 . . 26 . 26 . . . Total Orders 1 | . . . . . . . . . . . . . . . . . 1 . . . . . . . . AID 1 | . . . . . . . . . . . . . . . . . 1 . . . . . . . . Ally Attacks 193 | . . . . . . 11 46 4 . . . . . . 1 115 16 . . . . . . . . Total Damage 5468 | . . . . . . 254 1813 187 . . . . . . 28 2875 311 . . . . . . . . Kills 41 | . . . . . . 4 3 3 . . . . . . 1 30 . . . . . . . . . Allies Corrupted 1 | . . . . . . . . 1 . . . . . . . . . . . . . . . . . Allies Melted 1 | . . . . . . . . . . . . . . . . 1 . . . . . . . . . Intel | -11 -10 -9 -9 -8 -8 -7 -7 -7 -7 -7 -7 -6 -6 -6 -6 -6 -6 -6 -6 -5 -5 -5 -5 -5 -5 ------- Run | Yrd Mat Mat Min Mat Sto Fac Was Fac Low Low Dat Pro Fac Was Fac Ext Cet Arc Hub Fac Was Fac Upp Upp War Active Infowar (turns) 14028 | 19 923 131 . 1434 613 1823 66 1252 182 196 25 205 1547 34 1451 1061 56 10 67 943 47 791 399 272 481 Optics 6249 | . . . . . . . . . . . . . 637 34 1451 1061 56 10 67 943 47 791 399 272 481 Sensors 8771 | . . . . . . 1823 66 1252 182 196 25 205 1296 . 725 735 . . 66 859 21 703 398 219 . IFF 241 | . . . . . . . . . . . . . . . 241 . . . . . . . . . . Seismic 2892 | 19 923 131 . 1434 385 . . . . . . . . . . . . . . . . . . . . ECM 1250 | . . . . . 228 1022 . . . . . . . . . . . . . . . . . . . Robot Analysis Total 2 | . 1 1 . . . . . . . . . . . . . . . . . . . . . . . Derelict Logs Recovered 6 | . . . . . . . . . 2 1 . 1 . . . . . . . . . . 1 1 . Drone Launches . | . . . . . . . . . . . . . . . . . . . . . . . . . . Drone Recoveries . | . . . . . . . . . . . . . . . . . . . . . . . . . . Exploration | -11 -10 -9 -9 -8 -8 -7 -7 -7 -7 -7 -7 -6 -6 -6 -6 -6 -6 -6 -6 -5 -5 -5 -5 -5 -5 ------------- Run | Yrd Mat Mat Min Mat Sto Fac Was Fac Low Low Dat Pro Fac Was Fac Ext Cet Arc Hub Fac Was Fac Upp Upp War Turns Passed 17855 | 137 1373 2222 72 1434 1547 1827 66 1296 182 200 60 205 1622 34 1451 1061 56 10 67 943 47 791 399 272 481 Spaces Moved 26010 | 63 704 1076 41 565 648 3294 187 3269 584 545 161 563 4147 106 3447 1708 101 40 232 1777 87 1155 553 329 628 Core 413 | 5 . . . . . . . . . . . . . . . . . . . . 8 . . 106 294 Treads 3091 | 58 704 1076 41 565 647 . . . . . . . . . . . . . . . . . . . . Legs 83 | . . . . . . . . . . . . . . . . . . . . . . . . . 83 Wheels . | . . . . . . . . . . . . . . . . . . . . . . . . . . Hover 156 | . . . . . . . . . . . . . . . . . . . . . . . . . 156 Flight 22267 | . . . . . 1 3294 187 3269 584 545 161 563 4147 106 3447 1708 101 40 232 1777 79 1155 553 223 95 Fastest Speed 14 | 50 160 150 150 150 155 29 29 28 30 30 30 32 20 26 25 21 25 25 25 21 34 14 22 35 35 Average Speed 44 | 151 160 150 150 152 159 29 29 31 30 30 30 34 28 26 27 25 25 25 25 28 41 32 31 39 62 Slowest Speed 240 | 160 160 160 150 225 240 29 34 32 104 30 32 35 35 26 99 26 25 25 25 34 150 40 35 50 100 Overloaded Moves 148 | . . . . . . . . . . . . . 27 . 26 9 . . . 29 . 9 48 . . Propulsion Burnouts . | . . . . . . . . . . . . . . . . . . . . . . . . . . Robots Hopped 187 | . . . . . . 20 2 17 . . 1 . 46 2 23 8 1 1 23 16 4 13 3 . 7 Potential Cave-ins . | . . . . . . . . . . . . . . . . . . . . . . . . . . Cave-ins Triggered . | . . . . . . . . . . . . . . . . . . . . . . . . . . Exploration Rate (%) 63 | 5 96 85 9 65 91 63 84 71 62 59 72 54 69 87 59 94 53 75 22 50 84 43 65 54 86 Regions Visited 25 Branch Regions 13 Pre-discovered Areas 11 | . 4 3 . . . 1 . . 1 . 1 . . . . . . . . . . . 1 . . Known Exits Taken 17 | . 1 . 1 1 1 . . 1 1 1 1 1 . . 1 1 1 1 1 . . 1 1 1 . Unknown Exits Taken 2 | 1 . 1 . . . . . . . . . . . . . . . . . . . . . . . Scrap Searched 8 | . . . . . . . . . 4 3 . . . . . . . . . . . . . 1 . Spaces Dug 233 | . . 8 . 1 1 42 1 39 . 7 . 3 41 . 38 5 . . . 22 . . 18 7 . Terrain Destroyed 520 | . 9 8 . 52 31 45 1 82 . 16 . 3 83 . 45 22 . . . 33 . . 18 7 65 Melee 221 | . . 5 . 1 1 42 1 39 . 7 . 3 32 . 38 5 . . . 22 . . 18 7 . Projectile 3 | . . 3 . . . . . . . . . . . . . . . . . . . . . . . AOE 296 | . 9 . . 51 30 3 . 43 . 9 . . 51 . 7 17 . . . 11 . . . . 65 Terrain Rammed . | . . . . . . . . . . . . . . . . . . . . . . . . . . Walls Destroyed . | . . . . . . . . . . . . . . . . . . . . . . . . . . Machines Disabled . | . . . . . . . . . . . . . . . . . . . . . . . . . . Actions | -11 -10 -9 -9 -8 -8 -7 -7 -7 -7 -7 -7 -6 -6 -6 -6 -6 -6 -6 -6 -5 -5 -5 -5 -5 -5 --------- Run | Yrd Mat Mat Min Mat Sto Fac Was Fac Low Low Dat Pro Fac Was Fac Ext Cet Arc Hub Fac Was Fac Upp Upp War Total 30523 | 84 854 1481 52 934 935 4046 193 3405 588 562 169 566 4417 109 3835 2267 126 38 216 2144 91 1544 734 460 673 Wait 3110 | . 55 221 12 237 105 631 1 1 4 2 6 . 152 . 288 415 25 . . 293 4 367 156 122 13 Move 25641 | 62 703 1075 40 564 647 3256 183 3235 583 544 158 562 4058 102 3403 1692 98 37 190 1747 80 1129 547 328 618 Hop 160 | . . . . . . 18 1 16 . . 1 . 43 1 20 7 1 1 18 14 2 12 2 . 3 Pick Up 140 | 4 18 15 . 7 7 9 . 14 . 1 . . 19 1 20 6 . . 3 10 1 5 . . . Fast Attach 102 | 7 2 7 . 9 10 7 3 2 . 1 . . 14 2 2 . . . 1 4 3 16 . . 12 Attach 86 | . . 3 . 2 4 10 . 12 . . . . 23 . 9 3 . . 2 13 1 3 1 . . Detach 19 | . . 1 . . 1 3 . . . . . . 6 1 3 . . . . 2 . . 1 1 . Swap 135 | . 10 29 . 9 25 9 2 3 1 5 2 1 8 1 14 6 . . 1 7 . 2 . . . Drop 145 | 1 12 27 . 11 15 18 2 7 . . . . 11 1 16 2 . . 1 11 . 3 1 2 4 Fire 392 | 10 54 94 . 94 108 1 . 3 . 1 . . 13 . 1 2 . . . 3 . . . . 8 Melee 455 | . . 8 . 1 13 69 1 80 . 8 . 3 70 . 59 47 2 . . 40 . 7 26 7 14 Ram . | . . . . . . . . . . . . . . . . . . . . . . . . . . Kick . | . . . . . . . . . . . . . . . . . . . . . . . . . . Crush 1 | . . 1 . . . . . . . . . . . . . . . . . . . . . . . Escape Stasis 78 | . . . . . . 15 . 32 . . . . . . . 31 . . . . . . . . . Rewire 57 | . . . . . . . . . . . . . . . . 56 . . . . . . . . 1 Trap 2 | . . . . . . . . . . . 2 . . . . . . . . . . . . . . Miscellaneous . | . . . . . . . . . . . . . . . . . . . . . . . . . . Route ------- -11/Scrapyard -10/Materials (discovered 5 exits: *Mat x3 / [*Min] / [*Sub]) -9/Materials (discovered 5 exits: *Mat x3 / [*Min x2]) -9/Mines (discovered 2 exits: *Mat x2) -8/Materials (discovered 4 exits: *Fac x3 / *Sto) -8/Storage -7/Factory (discovered 4 exits: *Fac x2 / *Low x2) -7/Waste -7/Factory (discovered 4 exits: *Fac x2 / *Low x2) -7/Lower Caves -7/Lower Caves (discovered 2 exits: Fac / *Dat) -7/Data Miner -6/Proximity Caves -6/Factory (discovered 5 exits: *Fac / *Low x2 / *Ext x2) -6/Waste -6/Factory (discovered 4 exits: *Fac / *Low / *Ext x2) -6/Extension (discovered 3 exits: *Fac x2 / *Cet) -6/Cetus -6/Archives (discovered 2 exits: *Hub x2) -6/Hub_04(d) -5/Factory (discovered 3 exits: *Fac x2 / *Upp) -5/Waste -5/Factory (discovered 3 exits: *Fac / *Upp x2) -5/Upper Caves -5/Upper Caves (discovered 2 exits: *Fac / *War) -5/Warlord (discovered 1 exit: [*Pro]) History --------- Turn | Location | Event 3 | -11/Scrapyard | Discovered new exit (range 16) 138 | -11/Scrapyard | Entered Materials 311 | -10/Materials | Build established: Mutant 651 | -10/Materials | Discovered new exit (range 10) 742 | -10/Materials | Discovered new exit (range 15) 831 | -10/Materials | Discovered new exit (range 12) 1124 | -10/Materials | Discovered new exit (range 16) 1137 | -10/Materials | Identified exit to Materials 1240 | -10/Materials | Learned Storage terminal intel 1250 | -10/Materials | Learned location of Storage (-8) 1299 | -10/Materials | Learned location of Mines (-10) 1511 | -10/Materials | Entered another Materials area 1511 | -9/Materials | Evolved 2 slots: Propulsion x1, Weapon x1 1512 | -9/Materials | Identified exit to Materials 1984 | -9/Materials | Discovered new exit (range 9) 2116 | -9/Materials | Build established: Tank 2431 | -9/Materials | Discovered new exit (range 9) 2857 | -9/Materials | Learned location of Zion (-6) 2911 | -9/Materials | Learned location of 2 exits from Materials 2912 | -9/Materials | Learned location of 2 exits from Materials 2913 | -9/Materials | Learned location of 1 exit from Recycling 2917 | -9/Materials | Learned 2 Materials zone layouts 2950 | -9/Materials | Loaded intel: 2 recycling unit locations 3135 | -9/Materials | Build established: Mutant 3500 | -9/Materials | Build established: Tank 3733 | -9/Materials | Entered Mines 3733 | -9/Mines | Discovered exit to Materials (range 5) 3740 | -9/Mines | Received a Rocket Launcher from a helpful Derelict 3805 | -9/Mines | Entered Materials 3805 | -8/Materials | Evolved 2 slots: Utility x2 3806 | -8/Materials | Identified exit to Storage 3807 | -8/Materials | Identified exit to Factory 4630 | -8/Materials | Garrison activated, responded to threat 4742 | -8/Materials | Garrison activated, responded to threat 5088 | -8/Materials | Learned Factory emergency access door positions 5125 | -8/Materials | Learned 4 Factory zone layouts 5153 | -8/Materials | Learned location of 2 exits from Lower Caves 5198 | -8/Materials | Learned 2 Storage zone layouts 5239 | -8/Materials | Entered Storage 5242 | -8/Storage | Loaded intel: 10 terminal locations 5539 | -8/Storage | Repaired Hvy. Assault Rifle 5572 | -8/Storage | Repaired Hvy. Assault Rifle 5753 | -8/Storage | Garrison activated, responded to threat 6439 | -8/Storage | First assault squad dispatched 6650 | -8/Storage | Destroyed 7 combat bots 6704 | -8/Storage | Build established: Scavenger-Tank 6712 | -8/Storage | Core integrity fell below 50% 6786 | -8/Storage | Entered Factory 6786 | -7/Factory | Evolved 2 slots: Propulsion x1, Utility x1 6787 | -7/Factory | Identified exit to Factory 6787 | -7/Factory | Identified exit to Lower Caves 6840 | -7/Factory | Hacking Suite fried by hacking feedback 6876 | -7/Factory | Discovered exit to Factory (range 12) 7085 | -7/Factory | Build established: Sprinter 7705 | -7/Factory | Discovered exit to Lower Caves (range 16) 7815 | -7/Factory | Repaired ECM Suite 7876 | -7/Factory | Repaired Mni. Grenade Launcher 7941 | -7/Factory | Fabricated Spear (x2) 8118 | -7/Factory | Build established: Hacker-Sprinter 8613 | -7/Factory | Manually triggered Chute Trap 8613 | -7/Factory | Sucked down chute 8613 | -7/Factory | Entered Waste 8624 | -7/Waste | Met Warlord forces unprepared to attack 8628 | -7/Waste | EMP discharged 8641 | -7/Waste | Spotted C-40 Crusher 8648 | -7/Waste | Spotted C-40 Crusher 8649 | -7/Waste | Spotted C-40 Crusher 8649 | -7/Waste | Spotted C-40 Crusher 8664 | -7/Waste | Spotted C-40 Crusher 8667 | -7/Waste | Spotted C-40 Crusher 8668 | -7/Waste | Discovered new exit (range 13) 8671 | -7/Waste | Crushed by Compactor (1 part destroyed, 2 dropped) 8679 | -7/Waste | Identified exit to Factory 8679 | -7/Waste | Entered Factory 8708 | -7/Factory | Lost 5 allies 8971 | -7/Factory | Discovered exit to Factory (range 11) 9372 | -7/Factory | Discovered exit to Factory (range 15) 9424 | -7/Factory | Fabricated Imp. VTOL Module? 9542 | -7/Factory | Lost 3 parts (1p1n1w) 9692 | -7/Factory | Cargo convoy interrupted 9859 | -7/Factory | Fabricated Imp. VTOL Module? 9975 | -7/Factory | Entered Lower Caves 9976 | -7/Lower Caves | Identified exit to Lower Caves 10021 | -7/Lower Caves | Learned Factory terminal intel 10157 | -7/Lower Caves | Entered another Lower Caves area 10204 | -7/Lower Caves | Spotted B-75 Beast 10347 | -7/Lower Caves | Discovered new exit (range 9) 10351 | -7/Lower Caves | Identified exit to Data Miner 10357 | -7/Lower Caves | Entered Data Miner 10357 | -7/Data Miner | Discovered new exit (range 6) 10363 | -7/Data Miner | Met Data Miner 10371 | -7/Data Miner | Learned location of Section 7 (-2) 10371 | -7/Data Miner | Acquired the access code to Warlord's prototype stash 10376 | -7/Data Miner | Received God Mode back door access code from Data Miner 10387 | -7/Data Miner | Data Conduit disabled 10392 | -7/Data Miner | Core integrity fell below 50% 10414 | -7/Data Miner | Core integrity fell below 20% 10417 | -7/Data Miner | Identified exit to Proximity Caves 10417 | -7/Data Miner | Entered Proximity Caves 10441 | -6/Proximity Caves | Lost 4 parts (1p1n2w) 10622 | -6/Proximity Caves | Entered Factory 10622 | -6/Factory | Evolved 2 slots: Propulsion x1, Utility x1 10623 | -6/Factory | Identified exit to Lower Caves 10623 | -6/Factory | Identified exit to Extension 10624 | -6/Factory | Loaded intel: 28 terminal locations 10704 | -6/Factory | Build established: Hacker-Mutant 10870 | -6/Factory | Fabricated Nuclear Pulse Array (x1) 10963 | -6/Factory | Repaired Imp. VTOL Module? 10967 | -6/Factory | Fabricated Cld. Cesium-ion Thruster? 11142 | -6/Factory | Repaired Powered Hammer? 11326 | -6/Factory | Hacking Suite fried by hacking feedback 11368 | -6/Factory | Build established: Hacker-Sprinter 11583 | -6/Factory | Lost 4 parts (1n1u2w) 11814 | -6/Factory | Fabricated Imp. Hacking Suite (x1) 11913 | -6/Factory | Discovered new exit (range 17) 11984 | -6/Factory | Repaired Cld. VTOL Module 12241 | -6/Factory | Spotted B-75 Beast 12244 | -6/Factory | Manually triggered Chute Trap 12244 | -6/Factory | Sucked down chute 12244 | -6/Factory | Entered Waste 12244 | -6/Waste | Spotted C-40 Crusher 12247 | -6/Waste | Spotted C-40 Crusher 12251 | -6/Waste | Spotted C-40 Crusher 12252 | -6/Waste | Spotted C-40 Crusher 12257 | -6/Waste | Spotted C-40 Crusher 12259 | -6/Waste | EMP discharged 12267 | -6/Waste | Spotted C-40 Crusher 12267 | -6/Waste | Discovered new exit (range 11) 12273 | -6/Waste | Identified exit to Factory 12278 | -6/Waste | Entered Factory 13029 | -6/Factory | Discovered exit to Extension (range 13) 13137 | -6/Factory | Discovered exit to Lower Caves (range 17) 13210 | -6/Factory | Build established: Hacker-Scout 13239 | -6/Factory | Discovered new exit (range 5) 13240 | -6/Factory | Identified exit to Factory 13433 | -6/Factory | Fabricated Cld. Cesium-ion Thruster? 13509 | -6/Factory | Fabricated B-48 Gladiator? 13695 | -6/Factory | Discovered exit to Extension (range 9) 13729 | -6/Factory | Entered Extension 13743 | -6/Extension | Rescued a captive Derelict 13744 | -6/Extension | Rescued a captive Derelict 13784 | -6/Extension | Rescued A7 13788 | -6/Extension | Energy Cycler disabled 13788 | -6/Extension | Rescued a captive Derelict 13788 | -6/Extension | Rescued a captive Derelict 13790 | -6/Extension | Rescued a captive Derelict 13791 | -6/Extension | Rescued a captive Derelict 13792 | -6/Extension | Rescued a captive Derelict 13797 | -6/Extension | Rescued a captive Derelict 13854 | -6/Extension | Spotted B-75 Beast 14220 | -6/Extension | Spotted B-75 Beast 14255 | -6/Extension | Allies destroyed B-75 Beast 14298 | -6/Extension | Discovered exit to Factory (range 12) 14315 | -6/Extension | Allies destroyed B-75 Beast 14328 | -6/Extension | Lost 3 allies 14503 | -6/Extension | Build established: Hacker-Sprinter 14644 | -6/Extension | Discovered exit to Factory (range 10) 14644 | -6/Extension | Discovered new exit (range 6) 14732 | -6/Extension | Extracted ID and sensor layout for unrecognized location from A7's data core 14768 | -6/Extension | Identified exit to Cetus 14790 | -6/Extension | Entered Cetus 14790 | -6/Cetus | Accompanied by 14 allies 14793 | -6/Cetus | Spotted Cetus Guard 14793 | -6/Cetus | Spotted Cetus Guard 14793 | -6/Cetus | Spotted Cetus Guard 14793 | -6/Cetus | Spotted Cetus Guard 14820 | -6/Cetus | Core integrity fell below 50% 14841 | -6/Cetus | Discovered new exit (range 21) 14846 | -6/Cetus | Identified exit to Archives 14846 | -6/Cetus | Entered Archives 14850 | -6/Archives | Discovered new exit (range 20) 14851 | -6/Archives | Discovered new exit (range 22) 14856 | -6/Archives | Identified exit to Hub_04(d) 14856 | -6/Archives | Entered Hub_04(d) 14866 | -6/Hub_04(d) | Lost 13 allies 14873 | -6/Hub_04(d) | Discovered exit to Factory (range 14) 14882 | -6/Hub_04(d) | Lost 3 parts (1p2w) 14899 | -6/Hub_04(d) | Network Hub disabled 14923 | -6/Hub_04(d) | Entered Factory 14923 | -5/Factory | Evolved 2 slots: Utility x2 15024 | -5/Factory | Discovered new exit (range 9) 15037 | -5/Factory | Central database locked down 15095 | -5/Factory | Fabricated Imp. Hacking Suite? 15158 | -5/Factory | Build established: Hacker-Scout 15407 | -5/Factory | Discovered new exit (range 22) 15530 | -5/Factory | Identified exit to Factory 15802 | -5/Factory | Discovered exit to Factory (range 5) 15811 | -5/Factory | Spotted B-75 Beast 15830 | -5/Factory | Lost 3 parts (1p2n) 15866 | -5/Factory | Sucked down chute 15866 | -5/Factory | Entered Waste 15870 | -5/Waste | Spotted C-40 Crusher 15870 | -5/Waste | Found Prototype Processor 15870 | -5/Waste | Identified Spectral Analyzer 15874 | -5/Waste | Spotted C-40 Crusher 15881 | -5/Waste | EMP discharged 15881 | -5/Waste | System corruption reached 10% 15881 | -5/Waste | Crushed by Compactor (0 parts destroyed, 1 dropped) 15891 | -5/Waste | Spotted C-40 Crusher 15891 | -5/Waste | Spotted C-40 Crusher 15894 | -5/Waste | Lost 7 parts (1p2n1u3w) 15895 | -5/Waste | Spotted C-40 Crusher 15901 | -5/Waste | Crushed by Compactor (1 part destroyed) 15902 | -5/Waste | Discovered new exit (range 24) 15906 | -5/Waste | Spotted C-40 Crusher 15913 | -5/Waste | Identified exit to Factory 15913 | -5/Waste | Entered Factory 16036 | -5/Factory | Repaired Broken Adv. Cloaking Device 16159 | -5/Factory | Fabricated Cld. Cesium-ion Thruster (x1) 16363 | -5/Factory | Discovered new exit (range 19) 16412 | -5/Factory | Discovered exit to Factory (range 13) 16478 | -5/Factory | Repaired Adv. Sensor Array 16484 | -5/Factory | Fabricated Cld. Cesium-ion Thruster? 16508 | -5/Factory | Repaired Field Propulsion Drive 16528 | -5/Factory | Repaired Imp. Utility Shielding 16560 | -5/Factory | Repaired Adv. Reaction Control System 16608 | -5/Factory | Identified exit to Upper Caves 16679 | -5/Factory | Lost 4 parts (2n2u) 16704 | -5/Factory | Entered Upper Caves 16719 | -5/Upper Caves | Learned location of Warlord (-5) 16900 | -5/Upper Caves | Lost 3 parts (3n) 17098 | -5/Upper Caves | Discovered new exit (range 20) 17102 | -5/Upper Caves | Identified exit to Upper Caves 17103 | -5/Upper Caves | Core integrity fell below 50% 17103 | -5/Upper Caves | Entered another Upper Caves area 17105 | -5/Upper Caves | Discovered exit to Factory (range 13) 17322 | -5/Upper Caves | Attracted the attention of an 0b10 outpost 17357 | -5/Upper Caves | Learned location of 1 exit from Factory 17373 | -5/Upper Caves | Discovered new exit (range 5) 17375 | -5/Upper Caves | Identified exit to Warlord 17375 | -5/Upper Caves | Entered Warlord 17390 | -5/Warlord | Discovered new exit (range 12) 17402 | -5/Warlord | System corruption cleaned by Quarantine Array 17506 | -5/Warlord | Visited the Vortex Lab 17527 | -5/Warlord | Warlord's base attacked by MAIN.C 17619 | -5/Warlord | Build established: Hacker-Mutant 17650 | -5/Warlord | Opened Warlord's prototype stash 17655 | -5/Warlord | Found Prototype Hackware 17655 | -5/Warlord | Identified System Mapper 17690 | -5/Warlord | Met Warlord 17698 | -5/Warlord | Found Prototype Special Weapon 17698 | -5/Warlord | Identified RU-N14's Throwing Claymores v3 17700 | -5/Warlord | Found RU-N14's Throwing Claymores v3 17783 | -5/Warlord | Attacked by Warlord forces 17847 | -5/Warlord | Core integrity fell below 20% 17856 | -5/Warlord | Destroyed by S6-4R0(g) with Beamcaster Last Messages --------------- 17835_ Enh. Biometal Leg blasted off. 17836_ The unstable cave ceiling collapses. 17836_ Antimatter Reactor destroyed. 17836_ SU-YVM(l) destroyed. 17836_ Destroyed Flamer. 17837_ WJ-XMQ(p) resets TV-DUH(Y), system corruption cleaned. 17838_ OM-0JB(M) destroyed. 17840_ RU-N14's Throwing Claymores v3 expended. 17840_ BZ-6YM(b) Imp. Treads severed. 17840_ BZ-6YM(b) destroyed. 17840_ TV-DUH(Y) destroyed. 17841_ The unstable cave ceiling collapses. 17842_ Backup Propulsion III destroyed. 17842_ Dropped Enh. Biometal Leg. 17844_ Imp. System Shield destroyed. 17845_ The unstable cave ceiling collapses. 17849_ QS-I07(g) Adv. Heat Sink blasted off. 17849_ QS-I07(g) knocked back. 17850_ The unstable cave ceiling collapses. 17856_ 7GYO&:2GHI<1 VTQTX ELQ%WQZFKG5Q68G> 9E2 Map ----- +----------------------------------------------------+ | ??#""" # # #????# "" "" + ## | | ??#""" ###+###+### #????# "" "" # ^### # | | #?# ### ### #?# #????# + ^#?# + | | ###+###+## # #?# #????############/#### # | | + # #?# ##?????????# # # | | ## # #?# #?????????# # + | | ## # #?# ####???????# # # | | ## # ### ## ######### # # | | ?# # ######### # X#* ## + ## | | ?# ###??# # # ## ######? | | ?#///#????# # + ## ####### | | ???# # """ # ## # + | | ??# #! """ # # #####/###### ## | | ?# + """ # ########???# #????# # | | ## # % #########????# #????# # | | "### # # """"" ###### #????# # | | "#?# / / """"" # + ########### | | "#?# #/##### # """"" # # # #????# | | "#?###+## ## # # # # #????# | | "#???# ## ##g# ? # + + #????# | | "#???# ## ##g##+#???## # + #????# | | " "#???# # ##gMm #????# # ############ | | """"""""#???# ## ## g #????# ?# #???# | | #########???# ## ## g ##???# ?# #???# | | ############# #####+## ;########## ##### | | + ^ m@ggbggg M lM b/ """" " | | ################################### ####### """" " | | #?????????????????????????????????###?????# """" " | | #???????????????????????????????????????????"""" " | | #????????????????????????????????????????????##### | | ?????????????????????????????????????????????????? | | | | | | | | | | | | | | | | | | | | | | | | | | | | | | | | | | | | | | | +----------------------------------------------------+ Best States ------------- Heat Dissipation 45 Energy Generation 25 Energy Capacity 925 Matter Stores 300 Matter Capacity 300 Sight Range 24 Robot Scan Range 18 Terrain Scan Density 10 ECM Strength 1 Armor Coverage 525 Core Shielding 20 Propulsion Shielding 66 Utility Shielding 66 Evasion (%) 76 Melee Accuracy 24 Recoil Reduction 3 Offensive Hacking 46 Defensive Hacking 12 Authchip Count 3 Trap Extractor Capacity 4 Item Schematics ----------------- Plasma Cutter | -8/Materials | Hacked Spear | -7/Factory | Hacked Imp. Datajack | -7/Factory | Scanalyzed Imp. VTOL Module | -7/Factory | Hacked Mni. Grenade Launcher | -7/Factory | Scanalyzed Imp. Sensor Array | -7/Factory | Scanalyzed IFF Parser | -7/Factory | Hacked Lance | -7/Factory | Hacked Imp. Hacking Suite | -7/Factory | Hacked Combat Drone Bay | -7/Data Miner | Free Cld. Cesium-ion Thruster | -7/Data Miner | Free Lgt. Regenerative Plating | -7/Data Miner | Free Gravity Neutralizer | -7/Data Miner | Free Gui. EMP Blaster | -7/Data Miner | Free Nuclear Pulse Array | -7/Data Miner | Free Adv. Cooling System | -7/Data Miner | Free Hvy. Shock Bomb Launcher | -7/Data Miner | Free Imp. Arc Projector | -7/Data Miner | Free Imp. Force Field | -7/Data Miner | Free Adv. Datajack | -7/Data Miner | Free Exp. Heat Sink | -6/Factory | Hacked Exp. Utility Shielding | -5/Factory | Hacked Imp. Thunder Leg | -5/Factory | Hacked Graphene Brace | -5/Factory | Hacked Adv. Hacking Suite | -5/Factory | Scanalyzed Robot Schematics ------------------ Y-54 Guardian | -7/Factory | Hacked R-10 Processor | -7/Data Miner | Free O-24 Administrator | -7/Data Miner | Free G-50 Soldier | -7/Data Miner | Free Fabricated ------------ Spear | x2 | -7/Factory Imp. VTOL Module | x1 | -7/Factory | Authchip Imp. VTOL Module | x1 | -7/Factory | Authchip Nuclear Pulse Array | x1 | -6/Factory | Authchip Cld. Cesium-ion Thruster | x1 | -6/Factory | Authchip Imp. Hacking Suite | x1 | -6/Factory | Authchip Cld. Cesium-ion Thruster | x1 | -6/Factory | Authchip B-48 Gladiator | x3 | -6/Factory | Preloaded Imp. Hacking Suite | x1 | -5/Factory | Authchip Cld. Cesium-ion Thruster | x1 | -5/Factory | Authchip Cld. Cesium-ion Thruster | x1 | -5/Factory | Authchip Repaired ---------- Hvy. Assault Rifle | 6% | -8/Storage Hvy. Assault Rifle | 10% | -8/Storage ECM Suite | 5% | -7/Factory Mni. Grenade Launcher | 20% | -7/Factory Imp. VTOL Module | 32% | -6/Factory Powered Hammer | 5% | -6/Factory Cld. VTOL Module | 18% | -6/Factory Adv. Cloaking Device | 8% | -5/Factory | Broken Adv. Sensor Array | 33% | -5/Factory Field Propulsion Drive | 33% | -5/Factory Imp. Utility Shielding | 26% | -5/Factory Adv. Reaction Control System | 58% | -5/Factory Alien Tech Used ----------------- None Achievements -------------- None Challenges ------------ None Game ------ Seed WeldingGrapheneKit Manual? 0 Play Time 06:47:03 Cumulative 385.4 hours Start 2025.09.28 @ 18:32:44 End 2025.10.01 @ 16:47:05 Sessions 13 Manual Loads 0 Difficulty Rogue Special Mode None Game No. 147 Rogue 126 Adventurer 21 Explorer 0 Win Type - Total 17 Types 11/1/4/1/0/0/0/0/0/0 Lore% 56 Gallery% 72 Achievement% 69 Wizard Run 0 Options --------- Layout 1 ASCII 0 Keyboard 0 Movement Arrows Keybinds 0 Fullscreen 2 Font 32/SmallcapsGlow Map View 77x35 Zoom Use 0% Tactical HUD 1 Map Filters NONE Filters NONE Steam 1 RUN: 5f7fe763-12e0-4c0c-9505-497cefd247fa